 Dungeon Crawl Stone Soup version 0.21.1-1-g345015f (webtiles) character file.

26 vatarom the Insei (level 2, 0/36 HPs)
             Began as a Demonspawn Chaos Knight on May 5, 2018.
             Slain by a killer bee (1 damage)
             ... on level 1 of the Dungeon.
             The game lasted 00:01:45 (669 turns).

vatarom the Insei (Demonspawn Chaos Knight)          Turns: 669, Time: 00:01:46

Health: 0/36       AC:  5    Str: 17    XL:     2   Next: 89%
Magic:  2/2        EV: 12    Int: 13    God:    Xom [......]
Gold:   73         SH:  0    Dex: 12    Spells: 1/1 levels left

rFire    . . .     SeeInvis .     - Unarmed
rCold    . . .     Gourm    .   (no shield)
rNeg     . . .     Faith    .   a - +2 leather armour
rPois    .         Spirit   .   (no helmet)
rElec    .         Reflect  .   (no cloak)
rCorr    .         Harm     .   (no gloves)
MR       .....                  (no boots)
Stlth    ..........             d - amulet of rage
HPRegen  0.12/turn              (no ring)
MPRegen  0.08/turn              (no ring)

@: berserking, lethally poisoned (0 -> -10), very quick
A: talons 1
a: Renounce Religion, Evoke Berserk Rage


You were on level 1 of the Dungeon.
You worshipped Xom.
You were a very special plaything of Xom.
You were not hungry.

You visited 1 branch of the dungeon, and saw 2 of its levels.

You collected 73 gold pieces.

Inventory:

Armour
 a - a +2 leather armour (worn)
Jewellery
 d - an amulet of rage (around neck)
Scrolls
 f - 2 scrolls of remove curse {unknown}
Comestibles
 b - 3 rations


   Skills:
 - Level 3.0 Fighting
 - Level 1.7 Armour
 + Level 1.7 Dodging
 * Level 3.3 Unarmed Combat


You had one spell level left.
You didn't know any spells.

Dungeon Overview and Level Annotations

Branches:
Dungeon (2/15)

Altars:


Innate Abilities, Weirdness & Mutations

You have sharp toenails.


Message History

* * * LOW HITPOINT WARNING * * *
You are more poisoned.
The killer bee poisons you!
* * * LOW HITPOINT WARNING * * *
You feel sick.
The killer bee stings you but does no damage.
* * * LOW HITPOINT WARNING * * *
You feel sick. The killer bee barely misses you.
A red film seems to cover your vision as you go berserk!
You feel yourself moving faster!
You feel mighty!
You feel a lot more hungry.
* * * LOW HITPOINT WARNING * * *
You feel sick. The killer bee barely misses you.
The killer bee closely misses you.
You barely miss the killer bee. Your kick misses the killer bee.
* * * LOW HITPOINT WARNING * * *
You feel sick. The killer bee barely misses you.
You hit the killer bee but do no damage.
Your kick misses the killer bee. The killer bee stings you.
You die...
Xom chuckles heartily!

############ #..........#
#.#........# #.#........##
#.#........>########
#.#..........y@....#
#.#........(######.############
#.#.)..........................
#.#†.......#######.....####.###
##.#.##.....### ####..........
##.#..##.#.....# ####...####.###
..###........#.# #....#...(..###
...#.###.#...#.####.##...###....#
.............#......###.###....#.


You could see a killer bee.

Vanquished Creatures
  A dart slug (D:1)
  5 bats (D:1)
  2 goblins (D:1)
  8 hobgoblins
  4 kobolds (D:1)
  A rat (D:1)
21 creatures vanquished.

Notes
Turn   | Place    | Note
-------+----------+-------------------------------------------
     0 | D:1      | vatarom the Demonspawn Chaos Knight began the quest for the Orb.
     0 | D:1      | Reached XP level 1. HP: 18/18 MP: 1/1
     8 | D:1      | XOM: harmless Pois miscast
    12 | D:1      | Reached skill level 1 in Dodging
    64 | D:1      | XOM: harmless Tloc miscast
    71 | D:1      | XOM: potion effect (curing)
   193 | D:1      | Gained mutation: You have sharp toenails. [demonic ancestry]
   193 | D:1      | Reached XP level 2. HP: 23/24 MP: 2/2
   322 | D:1      | XOM: confusion
   654 | D:2      | XOM: harmless Chrm miscast
   663 | D:1      | Noticed a killer bee
   663 | D:1      | an adder changed into a killer bee
   663 | D:1      | XOM: polymorph adder -> killer bee
   663 | D:1      | HP: 1/24 [killer bee (4)]
   668 | D:1      | HP: 1/36 [poisoned by a killer bee]
   669 | D:1      | Slain by a killer bee

Skill      XL: |  1 |
---------------+----+-----
Dodging        | 1 |  1.7
Unarmed Combat | 3 |  3.3
Fighting       | |  3.0
Armour         | |  1.7

Action                   || total
-------------------------++-------
Melee: Unarmed           ||    78
       Kick              ||     7
Throw: Tomahawk          ||     5
 Abil: Evoke Berserk Rag ||     1
  Use: Potion            ||     3
Armor: Leather armour    ||    33
Dodge: Dodged            ||    50
